Penguins vs Nordiques
(R1)
Created - January 3, 2019 at 20:33
Goals
|
Penguins |
2 |
0 |
1 |
3 |
Nordiques |
0 |
0 |
4 |
4 |
|
Shots
|
Penguins |
19 |
7 |
11 |
37 |
Nordiques |
12 |
13 |
9 |
34 |
|
1st period
1. Penguins , Riley Sheahan 2 (Marcus Foligno 4, Eric Gryba 5) at 1:33
2. Penguins , Dion Phaneuf 4 (Andrew Cogliano 19, Jason Pominville 17) at 17:38 (PP)
Penalties :
T.J. Fast (Que) for High sticking (Double Minor) at 1:44, Simon Gagné (Que) for Unsportsmanlike conduct (Minor) at 17:16
2nd period
No Goal
Penalties :
Trevor Daley (Que) for Holding (Minor) at 5:39, Simon Gagné (Que) for Interference (Minor) at 8:25, Trevor Daley (Que) for Tripping (Minor) at 15:05, Chris Drury (Que) for Hooking (Minor) at 18:20, Andrew Cogliano (Pit) for Tripping (Minor) at 18:41
3rd period
3. Nordiques , David Legwand 9 (T.J. Fast 5, Vladimir Tarasenko 16) at 0:30 (PP)
4. Nordiques , Vladimir Tarasenko 27 (Marc Savard 31) at 7:26 (PP)
5. Penguins , Riley Sheahan 3 (Cal Clutterbuck 5, Eric Gryba 6) at 8:35 (SH)
6. Nordiques , Ryan Ellis 6 (David Legwand 18, Jonathan Quick) at 16:43 (PP)
7. Nordiques , Ryan Ellis 7 (Fedor Tyutin 11) at 17:32
Penalties :
Keith Aulie (Pit) for Holding (Minor) at 2:30, Paul Ranger (Pit) for Roughing (Double Minor) at 6:55, Trevor Daley (Que) for Roughing (Minor) at 10:01, Sam Gagner (Pit) for Hooking (Minor) at 16:10, Jonathan Quick (Que) for Delaying the game (Minor) at 19:04 - Trevor Daley served the penalty
Goalie Stats
Jacob Markstrom (Pit), 30 saves from 34 shots - (0.882), L, 9-16-2, 59:02 minutes
Jonathan Quick (Que), 34 saves from 37 shots - (0.919), W, 14-13-3, 60:00 minutes
Players Stats for Penguins
Player Name G A P +/- PIM S H SB GA TA FO MP PP MP PK MP
------------------------------------------------------------------------------------
Andrew Cogliano 0 1 1 0 2 2 1 1 0 0 3/4 21:19 7:35 0:37
Cal Clutterbuck 0 1 1 1 0 3 2 0 0 2 0/0 11:15 0:00 1:28
D.J King 0 0 0 0 0 0 1 1 1 0 0/1 10:23 0:36 0:00
Dion Phaneuf 1 0 1 0 0 5 1 0 0 1 0/0 29:43 7:34 3:43
Duncan Keith 0 0 0 -1 0 1 1 0 0 1 0/0 18:58 5:32 0:20
Dustin Brown 0 0 0 -1 0 0 2 0 0 1 0/0 15:11 5:14 0:00
Eric Gryba 0 2 2 2 0 2 0 2 0 0 0/0 12:07 0:27 1:47
Jason Pominville 0 1 1 0 0 1 2 1 0 0 1/2 25:38 7:36 3:23
Keith Aulie 0 0 0 0 2 3 0 0 0 1 0/0 19:34 5:32 0:43
Loui Eriksson 0 0 0 -1 0 3 2 0 0 0 1/1 15:02 5:14 0:00
Marcus Foligno 0 1 1 1 0 2 0 0 0 1 0/1 6:40 0:00 0:00
Mika Zibanejad 0 0 0 -1 0 1 0 0 0 0 3/11 15:49 5:10 0:31
Pascal Dupuis 0 0 0 1 0 0 0 1 0 0 0/1 7:23 0:43 0:00
Paul Ranger 0 0 0 1 4 0 0 2 0 0 0/0 10:19 0:27 0:00
Riley Sheahan 2 0 2 2 0 5 1 0 0 0 4/5 7:42 0:00 1:02
Sam Gagner 0 0 0 0 2 2 1 0 0 0 2/7 10:43 0:57 0:00
Sean Zimmerman 0 0 0 0 0 0 5 1 1 0 0/0 29:42 7:34 3:53
Steven Stamkos 0 0 0 0 0 7 3 0 2 0 16/36 25:37 7:33 3:25
Players Stats for Nordiques
Player Name G A P +/- PIM S H SB GA TA FO MP PP MP PK MP
------------------------------------------------------------------------------------
Chris Drury 0 0 0 0 2 3 0 0 0 0 6/10 11:32 0:05 0:08
David Legwand 1 1 2 0 0 3 1 0 2 0 7/9 15:38 1:43 4:21
Dustin Byfuglien 0 0 0 0 0 0 0 3 0 2 0/0 10:06 0:00 2:17
Fedor Tyutin 0 1 1 1 0 4 3 1 2 0 0/0 30:56 3:21 6:58
George Parros 0 0 0 0 0 0 0 0 0 0 0/1 5:53 0:11 0:00
Jean-Pierre Dumont 0 0 0 0 0 1 0 1 0 0 0/0 12:48 1:43 0:00
Kyle Calder 0 0 0 0 0 0 1 0 1 0 1/1 8:23 0:11 2:11
Marc Savard 0 1 1 -1 0 4 5 0 0 0 23/44 24:38 3:19 6:56
Mark Eaton 0 0 0 -1 0 1 2 0 0 0 0/0 17:13 0:00 4:28
Martin St. Louis 0 0 0 0 0 1 1 0 0 0 1/2 9:53 0:11 0:00
Matt Moulson 0 0 0 0 0 0 0 0 0 1 0/0 9:42 0:00 0:00
Paul Gaustad 0 0 0 0 0 2 2 0 1 1 1/2 9:57 0:00 4:12
R.J. Umberger 0 0 0 0 0 6 1 0 0 0 0/0 15:11 1:43 2:08
Ryan Ellis 2 0 2 1 0 4 1 2 0 0 0/0 30:10 3:21 6:27
Simon Gagné 0 0 0 -1 4 2 1 0 0 0 0/0 16:06 3:14 0:00
T.J. Fast 0 1 1 -1 4 0 2 2 1 0 0/0 14:06 1:52 4:19
Trevor Daley 0 0 0 -2 6 0 1 2 0 0 0/0 17:38 1:52 2:37
Vladimir Tarasenko 1 1 2 -1 0 3 1 0 0 0 0/0 24:52 3:19 7:10
3 Stars
1 - Ryan Ellis (Que)
2 - Riley Sheahan (Pit)
3 - David Legwand (Que)
Power Play
Penguins - 1 on 9 Attempt(s) - 11.11%
Nordiques - 3 on 5 Attempt(s) - 60.00%
Penalty Kill
Penguins - 2 on 5 Attempt(s) - 40.00%
- Score 1 goal in Penalty Kill
Nordiques - 8 on 9 Attempt(s) - 88.89%
- Score 0 goal in Penalty Kill
Team Stat
Penguins - Hits : 22 - Faceoff Wins : 30 - Blocked Shots : 9 - Penalty Minutes : 10
Nordiques - Hits : 22 - Faceoff Wins : 39 - Blocked Shots : 11 - Penalty Minutes : 18
Official
Referees : Unknown
Linesman : Unknown
Game Notes
9:53 of 1st period - Penguins goal is going for a video replay. After video review, No Goal. The puck has entered the net after making contact with an attacking player’s stick that is above the height of the crossbar.
Finance
Level 1 -- Attendance: 3726 (62.10%) -- Ticket Income $391,230
Level 2 -- Attendance: 3255 (65.10%) -- Ticket Income $211,575
Level 3 -- Attendance: 1164 (58.20%) -- Ticket Income $53,544
Level 4 -- Attendance: 2640 (66.00%) -- Ticket Income $92,400
Luxury Box -- Attendance: 1000 (100.00%) -- Ticket Income $165,000
Game was played at the Centre Videotron.
Total Attendance: 11785 (65.47%)
Total Ticket Income: $913,749
Other Income: $137,062
Total Income: $1,050,811
Penguins
5 vs 5 Forward
Center Left Wing Right Wing Time % Phy DF OF
1 Steven Stamkos Andrew Cogliano Jason Pominville 40 1 2 2
2 Mika Zibanejad Loui Eriksson Dustin Brown 30 1 2 2
3 Sam Gagner D.J King Cal Clutterbuck 20 1 2 2
4 Riley Sheahan Marcus Foligno Pascal Dupuis 10 1 2 2
5 vs 5 Defense
Defense Defense Time % Phy DF OF
1 Dion Phaneuf Sean Zimmerman 44 1 2 2
2 Duncan Keith Keith Aulie 33 1 2 2
3 Paul Ranger Eric Gryba 23 1 2 2
4 Dion Phaneuf Keith Aulie 0 1 2 2
PowerPlay Forward
Center Left Wing Right Wing Time % Phy DF OF
1 Steven Stamkos Andrew Cogliano Jason Pominville 60 1 2 2
2 Mika Zibanejad Loui Eriksson Dustin Brown 40 1 2 2
PowerPlay Defense
Defense Defense Time % Phy DF OF
1 Dion Phaneuf Sean Zimmerman 60 1 2 2
2 Duncan Keith Keith Aulie 40 1 2 2
Penalty Kill 4 Players Forward
Center Wing Time % Phy DF OF
1 Steven Stamkos Jason Pominville 60 1 2 2
2 Riley Sheahan Cal Clutterbuck 40 1 2 2
Penalty Kill 4 Players Defense
Defense Defense Time % Phy DF OF
1 Dion Phaneuf Sean Zimmerman 60 1 2 2
2 Keith Aulie Eric Gryba 40 1 2 2
Penalty Kill - 3 Players Forward
Forward Time % Phy DF OF
1 Steven Stamkos 60 1 2 2
2 Riley Sheahan 40 1 2 2
Penalty Kill - 3 Players Defense
Defense Defense Time % Phy DF OF
1 Dion Phaneuf Sean Zimmerman 60 1 2 2
2 Keith Aulie Eric Gryba 40 1 2 2
4 vs 4 Forward
Center Wing Time % Phy DF OF
1 Steven Stamkos Jason Pominville 60 1 2 2
2 Mika Zibanejad Dustin Brown 40 1 2 2
4 vs 4 Defense
Defense Defense Time % Phy DF OF
1 Dion Phaneuf Sean Zimmerman 60 1 2 2
2 Duncan Keith Keith Aulie 40 1 2 2
Last Minutes Offensive
Center Left Wing Right Wing Defense Defense
Steven Stamkos Andrew Cogliano Jason Pominville Dion Phaneuf Sean Zimmerman
Last Minutes Defensive
Center Left Wing Right Wing Defense Defense
Steven Stamkos Andrew Cogliano Jason Pominville Dion Phaneuf Sean Zimmerman
Goaltenders
Starting : Jacob Markstrom
Backup : Josh Tordjman
Extra Forwards
Normal : Steven Stamkos, Sam Gagner, Marcus Foligno - PP : Steven Stamkos, Sam Gagner - PK : Cal Clutterbuck
Extra Defensemen
Normal : Dion Phaneuf, Keith Aulie, Eric Gryba - PP : Paul Ranger - PK : Sean Zimmerman, Keith Aulie
Penalty Shots
Steven Stamkos, Jason Pominville, Andrew Cogliano, Loui Eriksson, Mika Zibanejad
Scratches
Riley Armstrong (Healthy)
Nordiques
5 vs 5 Forward
Center Left Wing Right Wing Time % Phy DF OF
1 Marc Savard Simon Gagné Vladimir Tarasenko 40 0 1 4
2 Chris Drury R.J. Umberger Jean-Pierre Dumont 30 1 1 3
3 David Legwand Matt Moulson Martin St. Louis 20 1 1 3
4 Paul Gaustad Kyle Calder George Parros 10 2 1 2
5 vs 5 Defense
Defense Defense Time % Phy DF OF
1 Fedor Tyutin Ryan Ellis 40 1 3 1
2 Mark Eaton Trevor Daley 30 1 3 1
3 Dustin Byfuglien T.J. Fast 20 1 3 1
4 Fedor Tyutin Ryan Ellis 10 1 3 1
PowerPlay Forward
Center Left Wing Right Wing Time % Phy DF OF
1 Marc Savard Simon Gagné Vladimir Tarasenko 60 0 0 5
2 David Legwand R.J. Umberger Jean-Pierre Dumont 40 0 0 5
PowerPlay Defense
Defense Defense Time % Phy DF OF
1 Fedor Tyutin Ryan Ellis 60 0 2 3
2 Trevor Daley T.J. Fast 40 0 2 3
Penalty Kill 4 Players Forward
Center Wing Time % Phy DF OF
1 Marc Savard Vladimir Tarasenko 60 1 4 0
2 David Legwand Paul Gaustad 40 1 4 0
Penalty Kill 4 Players Defense
Defense Defense Time % Phy DF OF
1 Fedor Tyutin Ryan Ellis 60 1 4 0
2 Trevor Daley T.J. Fast 40 1 4 0
Penalty Kill - 3 Players Forward
Forward Time % Phy DF OF
1 Marc Savard 60 0 5 0
2 Vladimir Tarasenko 40 0 5 0
Penalty Kill - 3 Players Defense
Defense Defense Time % Phy DF OF
1 Fedor Tyutin Ryan Ellis 60 1 4 0
2 Mark Eaton Trevor Daley 40 1 4 0
4 vs 4 Forward
Center Wing Time % Phy DF OF
1 Marc Savard Vladimir Tarasenko 60 0 1 4
2 David Legwand Chris Drury 40 0 1 4
4 vs 4 Defense
Defense Defense Time % Phy DF OF
1 Fedor Tyutin Ryan Ellis 60 1 4 0
2 Mark Eaton Trevor Daley 40 1 4 0
Last Minutes Offensive
Center Left Wing Right Wing Defense Defense
Marc Savard Simon Gagné Vladimir Tarasenko Fedor Tyutin Ryan Ellis
Last Minutes Defensive
Center Left Wing Right Wing Defense Defense
Marc Savard Simon Gagné Vladimir Tarasenko Fedor Tyutin Ryan Ellis
Goaltenders
Starting : Jonathan Quick
Backup : Philipp Grubauer
Extra Forwards
Normal : Vladimir Tarasenko, Martin St. Louis, David Legwand - PP : Vladimir Tarasenko, Martin St. Louis - PK : R.J. Umberger
Extra Defensemen
Normal : Ryan Ellis, Fedor Tyutin, Dustin Byfuglien - PP : Ryan Ellis - PK : Mark Eaton, Fedor Tyutin
Penalty Shots
Marc Savard, Vladimir Tarasenko, David Legwand, Chris Drury, Simon Gagné
Scratches
Bruno Gervais (Healthy), Mike Fisher (Healthy), Tim Crowder (Healthy), Matt Irwin (Healthy), Julien Ellis (Healthy)
% Time on Ice - Penguins
Lines # - Real PCT - Wanted PCT - Time Play
Normal Forward
1 - 33% - 40% - 13:09
2 - 25% - 30% - 9:48
3 - 25% - 20% - 9:47
4 - 17% - 10% - 6:40
Normal Defense
1 - 43% - 44% - 16:57
2 - 32% - 33% - 12:48
3 - 24% - 23% - 9:39
4 - 0% - 0% - 0:00
PP Forward
1 - 59% - 60% - 8:01
2 - 41% - 40% - 5:32
PP Defense
1 - 59% - 60% - 8:01
2 - 41% - 40% - 5:32
PK Forward
1 - 80% - 60% - 4:11
2 - 20% - 40% - 1:02
PK Defense
1 - 66% - 60% - 3:26
2 - 34% - 40% - 1:47
PK3 Forward
1 - 0% - 60%
2 - 0% - 40%
PK3 Defense
1 - 0% - 60%
2 - 0% - 40%
44 Forward
1 - 91% - 60% - 1:29
2 - 9% - 40% - 0:09
44 Defense
1 - 91% - 60% - 1:29
2 - 9% - 40% - 0:09
Last Minute Offensive - 0:12
Last Minute Defensive - 0:00
Total
Forward - 60:00
Defense - 60:00
|
% Time on Ice - Nordiques
Lines # - Real PCT - Wanted PCT - Time Play
Normal Forward
1 - 32% - 40% - 12:47
2 - 28% - 30% - 11:12
3 - 25% - 20% - 9:42
4 - 14% - 10% - 5:42
Normal Defense
1 - 44% - 40% - 17:22
2 - 33% - 30% - 12:53
3 - 20% - 20% - 7:46
4 - 3% - 10% - 1:22
PP Forward
1 - 67% - 60% - 3:30
2 - 33% - 40% - 1:43
PP Defense
1 - 64% - 60% - 3:21
2 - 36% - 40% - 1:52
PK Forward
1 - 68% - 60% - 9:12
2 - 32% - 40% - 4:21
PK Defense
1 - 48% - 60% - 6:27
2 - 52% - 40% - 7:06
PK3 Forward
1 - 0% - 60%
2 - 0% - 40%
PK3 Defense
1 - 0% - 60%
2 - 0% - 40%
44 Forward
1 - 100% - 60% - 1:38
2 - 0% - 40% - 0:00
44 Defense
1 - 100% - 60% - 1:38
2 - 0% - 40% - 0:00
Last Minute Offensive - 0:00
Last Minute Defensive - 0:13
Total
Forward - 60:00
Defense - 60:00
|
Play-by-Play
1st period
0:01 of 1st period - Steven Stamkos wins face-off versus Marc Savard in neutral zone.
0:35 of 1st period - Wrist shot by Loui Eriksson.
0:35 of 1st period - Stopped by Jonathan Quick with a rebound.
0:45 of 1st period - Wrist shot by Riley Sheahan.
0:45 of 1st period - Shot Blocked by Fedor Tyutin.
0:47 of 1st period - Slapshot by Keith Aulie.
0:47 of 1st period - Stopped by Jonathan Quick with a rebound.
0:49 of 1st period - Wrist shot by Marcus Foligno.
0:49 of 1st period - Stopped by Jonathan Quick with a rebound.
0:51 of 1st period - Slapshot by Eric Gryba.
0:51 of 1st period - Stopped by Jonathan Quick without a rebound.
0:52 of 1st period - David Legwand wins face-off versus Pascal Dupuis in Nordiques zone.
1:08 of 1st period - Paul Ranger is hit by Martin St. Louis and loses puck.
1:33 of 1st period - Snap shot by Riley Sheahan.
1:33 of 1st period - Goal by Riley Sheahan - Penguins : 1 - Nordiques : 0.
1:34 of 1st period - Jason Pominville wins face-off versus Marc Savard in neutral zone.
1:44 of 1st period - Double Minor Penalty to T.J. Fast for High sticking.
1:45 of 1st period - Steven Stamkos wins face-off versus Marc Savard in Nordiques zone.
3:07 of 1st period - Sean Zimmerman is hit by Ryan Ellis.
3:27 of 1st period - Keith Aulie is hit by David Legwand and loses puck.
4:18 of 1st period - Mika Zibanejad is hit by Kyle Calder and loses puck.
5:19 of 1st period - Loui Eriksson is hit by Vladimir Tarasenko and loses puck.
5:26 of 1st period - Trevor Daley is hit by Loui Eriksson and loses puck.
5:44 of 1st period - Penalty to T.J. Fast is over, T.J. Fast is back on ice.
5:47 of 1st period - Snap shot by Riley Sheahan.
5:47 of 1st period - Stopped by Jonathan Quick without a rebound.
5:48 of 1st period - Riley Sheahan wins face-off versus Chris Drury in Nordiques zone.
6:03 of 1st period - Wrist shot by Marcus Foligno.
6:03 of 1st period - Stopped by Jonathan Quick with a rebound.
6:13 of 1st period - Sam Gagner is hit by Fedor Tyutin and loses puck.
6:20 of 1st period - Snap shot by Dion Phaneuf.
6:20 of 1st period - Stopped by Jonathan Quick with a rebound.
6:54 of 1st period - Vladimir Tarasenko is hit by Cal Clutterbuck and loses puck.
7:07 of 1st period - Snap shot by R.J. Umberger.
7:07 of 1st period - Stopped by Jacob Markstrom with a rebound.
7:58 of 1st period - Off-side.
7:59 of 1st period - Steven Stamkos wins face-off versus George Parros in neutral zone.
8:02 of 1st period - Wrist shot by Steven Stamkos.
8:02 of 1st period - Stopped by Jonathan Quick without a rebound.
8:03 of 1st period - Steven Stamkos wins face-off versus Marc Savard in Nordiques zone.
8:35 of 1st period - Wrist shot by Jean-Pierre Dumont.
8:35 of 1st period - Shot Blocked by Sean Zimmerman.
8:37 of 1st period - Slapshot by Mark Eaton.
8:37 of 1st period - Shot Misses the Net.
8:39 of 1st period - Slapshot by Mark Eaton.
8:39 of 1st period - Shot Misses the Net.
8:59 of 1st period - Snap shot by David Legwand.
8:59 of 1st period - Stopped by Jacob Markstrom with a rebound.
9:39 of 1st period - Snap shot by Marc Savard.
9:39 of 1st period - Stopped by Jacob Markstrom with a rebound.
9:41 of 1st period - Snap shot by Simon Gagné.
9:41 of 1st period - Shot Misses the Net.
9:51 of 1st period - Slapshot by Keith Aulie.
9:51 of 1st period - Deflect By Ryan Ellis.
9:51 of 1st period - Stopped by Jonathan Quick with a rebound.
9:53 of 1st period - Snap shot by Mika Zibanejad.
9:53 of 1st period - Penguins goal is going for a video replay.
9:53 of 1st period - The goal is refused. The puck has entered the net after making contact with an attacking player’s stick that is above the height of the crossbar..
9:54 of 1st period - Chris Drury wins face-off versus Mika Zibanejad in Nordiques zone.
10:11 of 1st period - Wrist shot by Chris Drury.
10:11 of 1st period - Shot Blocked by Eric Gryba.
10:13 of 1st period - Slapshot by Ryan Ellis.
10:13 of 1st period - Shot Misses the Net.
10:15 of 1st period - Slapshot by Jean-Pierre Dumont.
10:15 of 1st period - Shot Misses the Net.
10:17 of 1st period - Wrist shot by Fedor Tyutin.
10:17 of 1st period - Stopped by Jacob Markstrom with a rebound.
10:19 of 1st period - Slapshot by Ryan Ellis.
10:19 of 1st period - Shot Blocked by Paul Ranger.
10:21 of 1st period - Slapshot by Ryan Ellis.
10:21 of 1st period - Stopped by Jacob Markstrom with a rebound.
10:23 of 1st period - Wrist shot by R.J. Umberger.
10:23 of 1st period - Stopped by Jacob Markstrom with a rebound.
10:27 of 1st period - Snap shot by Chris Drury.
10:27 of 1st period - Stopped by Jacob Markstrom with a rebound.
10:43 of 1st period - Fedor Tyutin is hit by Dustin Brown and loses puck.
10:56 of 1st period - Wrist shot by R.J. Umberger.
10:56 of 1st period - Shot Misses the Net.
10:58 of 1st period - Snap shot by R.J. Umberger.
10:58 of 1st period - Stopped by Jacob Markstrom with a rebound.
11:02 of 1st period - Wrist shot by Chris Drury.
11:02 of 1st period - Stopped by Jacob Markstrom with a rebound.
11:04 of 1st period - Snap shot by Jean-Pierre Dumont.
11:04 of 1st period - Shot Misses the Net.
11:06 of 1st period - Wrist shot by Fedor Tyutin.
11:06 of 1st period - Shot Blocked by Eric Gryba.
11:08 of 1st period - Wrist shot by Fedor Tyutin.
11:08 of 1st period - Deflect By Dustin Brown.
11:08 of 1st period - Stopped by Jacob Markstrom without a rebound.
11:09 of 1st period - Steven Stamkos wins face-off versus Marc Savard in Penguins zone.
11:26 of 1st period - Snap shot by Steven Stamkos.
11:26 of 1st period - Stopped by Jonathan Quick with a rebound.
11:42 of 1st period - Slapshot by Cal Clutterbuck.
11:42 of 1st period - Deflect By Sam Gagner.
11:42 of 1st period - Shot Misses the Net.
11:42 of 1st period - Puck is out of play.
11:43 of 1st period - David Legwand wins face-off versus D.J King in Nordiques zone.
12:07 of 1st period - Dustin Byfuglien is hit by Sean Zimmerman and loses puck.
12:32 of 1st period - Wrist shot by Cal Clutterbuck.
12:32 of 1st period - Shot Misses the Net.
12:34 of 1st period - Slapshot by Eric Gryba.
12:34 of 1st period - Stopped by Jonathan Quick with a rebound.
12:46 of 1st period - Snap shot by Cal Clutterbuck.
12:46 of 1st period - Shot Blocked by Dustin Byfuglien.
12:48 of 1st period - Wrist shot by Cal Clutterbuck.
12:48 of 1st period - Stopped by Jonathan Quick with a rebound.
12:56 of 1st period - Snap shot by Sam Gagner.
12:56 of 1st period - Shot Misses the Net.
12:58 of 1st period - Wrist shot by Sam Gagner.
12:58 of 1st period - Stopped by Jonathan Quick without a rebound.
12:59 of 1st period - Steven Stamkos wins face-off versus Marc Savard in Nordiques zone.
14:04 of 1st period - Ryan Ellis is hit by Steven Stamkos and loses puck.
14:32 of 1st period - Paul Ranger is hit by Marc Savard and loses puck.
15:07 of 1st period - Wrist shot by R.J. Umberger.
15:07 of 1st period - Stopped by Jacob Markstrom without a rebound.
15:08 of 1st period - Chris Drury wins face-off versus Mika Zibanejad in Penguins zone.
16:16 of 1st period - Wrist shot by Kyle Calder.
16:16 of 1st period - Deflect By Paul Gaustad.
16:16 of 1st period - Shot Blocked by Jason Pominville.
16:16 of 1st period - Puck is out of play.
16:17 of 1st period - Paul Gaustad wins face-off versus Jason Pominville in Penguins zone.
16:44 of 1st period - Dion Phaneuf is hit by Marc Savard.
16:48 of 1st period - Wrist shot by Simon Gagné.
16:48 of 1st period - Stopped by Jacob Markstrom without a rebound.
16:49 of 1st period - Steven Stamkos wins face-off versus Marc Savard in Penguins zone.
16:49 of 1st period - Steven Stamkos is hit by Trevor Daley.
17:01 of 1st period - Slapshot by Keith Aulie.
17:01 of 1st period - Stopped by Jonathan Quick without a rebound.
17:02 of 1st period - Steven Stamkos wins face-off versus Marc Savard in Nordiques zone.
17:13 of 1st period - Slapshot by Steven Stamkos.
17:13 of 1st period - Stopped by Jonathan Quick without a rebound.
17:14 of 1st period - Marc Savard wins face-off versus Steven Stamkos in Nordiques zone.
17:16 of 1st period - Minor Penalty to Simon Gagné for Unsportsmanlike conduct.
17:17 of 1st period - Marc Savard wins face-off versus Steven Stamkos in Nordiques zone.
17:24 of 1st period - Icing by Sean Zimmerman.
17:25 of 1st period - Marc Savard wins face-off versus Steven Stamkos in Penguins zone.
17:36 of 1st period - Backhand shot by Andrew Cogliano.
17:36 of 1st period - Stopped by Jonathan Quick with a rebound.
17:38 of 1st period - Slapshot by Dion Phaneuf.
17:38 of 1st period - Goal by Dion Phaneuf - Penguins : 2 - Nordiques : 0.
17:39 of 1st period - Steven Stamkos wins face-off versus Marc Savard in neutral zone.
18:20 of 1st period - Backhand shot by Loui Eriksson.
18:20 of 1st period - Shot Blocked by Jean-Pierre Dumont.
19:35 of 1st period - Icing by Steven Stamkos.
19:36 of 1st period - Chris Drury wins face-off versus Steven Stamkos in Penguins zone.
Goals for this period are 2 for Penguins vs 0 for Nordiques.
Shots for this period are 19 for Penguins vs 12 for Nordiques.
2nd period
0:01 of 2nd period - Marc Savard wins face-off versus Steven Stamkos in neutral zone.
0:06 of 2nd period - Snap shot by Marc Savard.
0:06 of 2nd period - Stopped by Jacob Markstrom with a rebound.
0:26 of 2nd period - Jean-Pierre Dumont is hit by Loui Eriksson and loses puck.
0:43 of 2nd period - Dion Phaneuf is hit by R.J. Umberger and loses puck.
1:14 of 2nd period - Slapshot by Mark Eaton.
1:14 of 2nd period - Deflect By Jason Pominville.
1:14 of 2nd period - Stopped by Jacob Markstrom without a rebound.
1:15 of 2nd period - Marc Savard wins face-off versus Andrew Cogliano in Penguins zone.
1:28 of 2nd period - Steven Stamkos is hit by Marc Savard and loses puck.
1:43 of 2nd period - Snap shot by Andrew Cogliano.
1:43 of 2nd period - Shot Misses the Net.
2:07 of 2nd period - Snap shot by Sam Gagner.
2:07 of 2nd period - Shot Blocked by T.J. Fast.
2:09 of 2nd period - Wrist shot by Cal Clutterbuck.
2:09 of 2nd period - Stopped by Jonathan Quick with a rebound.
2:11 of 2nd period - Snap shot by Sam Gagner.
2:11 of 2nd period - Shot Misses the Net.
2:13 of 2nd period - Wrist shot by Cal Clutterbuck.
2:13 of 2nd period - Shot Misses the Net.
3:08 of 2nd period - Snap shot by Chris Drury.
3:08 of 2nd period - Stopped by Jacob Markstrom without a rebound.
3:09 of 2nd period - Loui Eriksson wins face-off versus Marc Savard in Penguins zone.
3:09 of 2nd period - Loui Eriksson is hit by Fedor Tyutin.
3:35 of 2nd period - Fedor Tyutin is hit by Sam Gagner and loses puck.
5:31 of 2nd period - Wrist shot by Jason Pominville.
5:31 of 2nd period - Deflect By Kyle Calder.
5:31 of 2nd period - Shot Blocked by Trevor Daley.
5:31 of 2nd period - Puck is out of play.
5:32 of 2nd period - Mika Zibanejad wins face-off versus Paul Gaustad in Nordiques zone.
5:35 of 2nd period - Wrist shot by Loui Eriksson.
5:35 of 2nd period - Stopped by Jonathan Quick without a rebound.
5:36 of 2nd period - Marc Savard wins face-off versus Steven Stamkos in Nordiques zone.
5:36 of 2nd period - Marc Savard is hit by Jason Pominville.
5:39 of 2nd period - Minor Penalty to Trevor Daley for Holding.
5:40 of 2nd period - Steven Stamkos wins face-off versus Marc Savard in Nordiques zone.
6:26 of 2nd period - Slapshot by Vladimir Tarasenko.
6:26 of 2nd period - Shot Misses the Net.
6:36 of 2nd period - Snap shot by Paul Gaustad.
6:36 of 2nd period - Stopped by Jacob Markstrom with a rebound.
7:39 of 2nd period - Penalty to Trevor Daley is over, Trevor Daley is back on ice.
8:09 of 2nd period - Marcus Foligno is hit by Mark Eaton.
8:12 of 2nd period - Off-side.
8:13 of 2nd period - Riley Sheahan wins face-off versus Chris Drury in neutral zone.
8:18 of 2nd period - Wrist shot by Pascal Dupuis.
8:18 of 2nd period - Shot Misses the Net.
8:20 of 2nd period - Slapshot by Keith Aulie.
8:20 of 2nd period - Shot Misses the Net.
8:22 of 2nd period - Backhand shot by Duncan Keith.
8:22 of 2nd period - Stopped by Jonathan Quick without a rebound.
8:23 of 2nd period - Marc Savard wins face-off versus Riley Sheahan in Nordiques zone.
8:25 of 2nd period - Minor Penalty to Simon Gagné for Interference.
8:26 of 2nd period - Marc Savard wins face-off versus Steven Stamkos in Nordiques zone.
8:36 of 2nd period - Slapshot by Steven Stamkos.
8:36 of 2nd period - Deflect By Vladimir Tarasenko.
8:36 of 2nd period - Shot Blocked by Ryan Ellis.
8:36 of 2nd period - Puck is out of play.
8:37 of 2nd period - Steven Stamkos wins face-off versus Marc Savard in Nordiques zone.
9:04 of 2nd period - Dion Phaneuf is hit by Fedor Tyutin and loses puck.
9:45 of 2nd period - Duncan Keith is hit by Paul Gaustad and loses puck.
10:01 of 2nd period - Trevor Daley is hit by Andrew Cogliano and loses puck.
10:08 of 2nd period - Snap shot by Jason Pominville.
10:08 of 2nd period - Shot Blocked by T.J. Fast.
10:25 of 2nd period - Penalty to Simon Gagné is over, Simon Gagné is back on ice.
10:45 of 2nd period - R.J. Umberger is hit by D.J King and loses puck.
11:04 of 2nd period - Snap shot by Riley Sheahan.
11:04 of 2nd period - Stopped by Jonathan Quick without a rebound.
11:05 of 2nd period - David Legwand wins face-off versus Mika Zibanejad in Nordiques zone.
11:05 of 2nd period - David Legwand is hit by Dustin Brown.
11:17 of 2nd period - Trevor Daley is hit by Sean Zimmerman.
11:49 of 2nd period - Icing by Trevor Daley.
11:50 of 2nd period - Kyle Calder wins face-off versus Marcus Foligno in Nordiques zone.
11:50 of 2nd period - Kyle Calder is hit by Riley Sheahan.
12:00 of 2nd period - Slapshot by Paul Ranger.
12:00 of 2nd period - Shot Misses the Net.
12:08 of 2nd period - Wrist shot by Simon Gagné.
12:08 of 2nd period - Shot Blocked by Pascal Dupuis.
12:13 of 2nd period - Off-side.
12:14 of 2nd period - Chris Drury wins face-off versus Steven Stamkos in neutral zone.
12:20 of 2nd period - Wrist shot by Jean-Pierre Dumont.
12:20 of 2nd period - Shot Misses the Net.
12:22 of 2nd period - Slapshot by Jean-Pierre Dumont.
12:22 of 2nd period - Deflect By R.J. Umberger.
12:22 of 2nd period - Stopped by Jacob Markstrom with a rebound.
12:24 of 2nd period - Snap shot by Fedor Tyutin.
12:24 of 2nd period - Shot Misses the Net.
12:26 of 2nd period - Slapshot by Ryan Ellis.
12:26 of 2nd period - Shot Blocked by Andrew Cogliano.
12:37 of 2nd period - Icing by Andrew Cogliano.
12:38 of 2nd period - Mika Zibanejad wins face-off versus Marc Savard in Penguins zone.
13:06 of 2nd period - Snap shot by Loui Eriksson.
13:06 of 2nd period - Stopped by Jonathan Quick with a rebound.
13:08 of 2nd period - Slapshot by Steven Stamkos.
13:08 of 2nd period - Stopped by Jonathan Quick without a rebound.
13:09 of 2nd period - Steven Stamkos wins face-off versus Chris Drury in Nordiques zone.
13:18 of 2nd period - Backhand shot by Jean-Pierre Dumont.
13:18 of 2nd period - Stopped by Jacob Markstrom without a rebound.
13:19 of 2nd period - Andrew Cogliano wins face-off versus Chris Drury in Penguins zone.
13:42 of 2nd period - Snap shot by Chris Drury.
13:42 of 2nd period - Shot Misses the Net.
13:44 of 2nd period - Slapshot by Fedor Tyutin.
13:44 of 2nd period - Stopped by Jacob Markstrom with a rebound.
13:50 of 2nd period - Slapshot by R.J. Umberger.
13:50 of 2nd period - Stopped by Jacob Markstrom without a rebound.
13:51 of 2nd period - Marc Savard wins face-off versus Mika Zibanejad in Penguins zone.
14:13 of 2nd period - Icing by Trevor Daley.
14:14 of 2nd period - Sam Gagner wins face-off versus David Legwand in Nordiques zone.
14:24 of 2nd period - Icing by Duncan Keith.
14:25 of 2nd period - Sam Gagner wins face-off versus Marc Savard in Penguins zone.
15:01 of 2nd period - Wrist shot by Cal Clutterbuck.
15:01 of 2nd period - Stopped by Jonathan Quick without a rebound.
15:02 of 2nd period - Chris Drury wins face-off versus Steven Stamkos in Nordiques zone.
15:02 of 2nd period - Chris Drury is hit by Sean Zimmerman.
15:05 of 2nd period - Minor Penalty to Trevor Daley for Tripping.
15:06 of 2nd period - Andrew Cogliano wins face-off versus Marc Savard in Nordiques zone.
16:52 of 2nd period - Icing by Steven Stamkos.
16:53 of 2nd period - Marc Savard wins face-off versus Steven Stamkos in Penguins zone.
17:05 of 2nd period - Penalty to Trevor Daley is over, Trevor Daley is back on ice.
17:22 of 2nd period - Wrist shot by David Legwand.
17:22 of 2nd period - Shot Misses the Net.
17:24 of 2nd period - Wrist shot by David Legwand.
17:24 of 2nd period - Shot Misses the Net.
17:26 of 2nd period - Slapshot by Fedor Tyutin.
17:26 of 2nd period - Deflect By David Legwand.
17:26 of 2nd period - Stopped by Jacob Markstrom with a rebound.
17:28 of 2nd period - Snap shot by David Legwand.
17:28 of 2nd period - Shot Blocked by D.J King.
17:30 of 2nd period - Backhand shot by David Legwand.
17:30 of 2nd period - Shot Blocked by Paul Ranger.
17:32 of 2nd period - Slapshot by Martin St. Louis.
17:32 of 2nd period - Shot Misses the Net.
17:47 of 2nd period - Riley Sheahan is hit by Paul Gaustad and loses puck.
18:12 of 2nd period - Wrist shot by Loui Eriksson.
18:12 of 2nd period - Shot Misses the Net.
18:20 of 2nd period - Minor Penalty to Chris Drury for Hooking.
18:21 of 2nd period - Steven Stamkos wins face-off versus Marc Savard in Nordiques zone.
18:41 of 2nd period - Minor Penalty to Andrew Cogliano for Tripping.
18:42 of 2nd period - Marc Savard wins face-off versus Steven Stamkos in Penguins zone.
18:44 of 2nd period - Slapshot by Ryan Ellis.
18:44 of 2nd period - Stopped by Jacob Markstrom with a rebound.
18:46 of 2nd period - Slapshot by Fedor Tyutin.
18:46 of 2nd period - Stopped by Jacob Markstrom without a rebound.
18:47 of 2nd period - Marc Savard wins face-off versus Steven Stamkos in Penguins zone.
18:50 of 2nd period - Slapshot by Marc Savard.
18:50 of 2nd period - Shot Misses the Net.
18:52 of 2nd period - Snap shot by Vladimir Tarasenko.
18:52 of 2nd period - Stopped by Jacob Markstrom without a rebound.
18:53 of 2nd period - Marc Savard wins face-off versus Steven Stamkos in Penguins zone.
18:56 of 2nd period - Wrist shot by Vladimir Tarasenko.
18:56 of 2nd period - Stopped by Jacob Markstrom with a rebound.
19:16 of 2nd period - Vladimir Tarasenko is hit by Jason Pominville and loses puck.
19:50 of 2nd period - Icing by Marc Savard.
19:51 of 2nd period - Marc Savard wins face-off versus Mika Zibanejad in Nordiques zone.
Goals for this period are 0 for Penguins vs 0 for Nordiques.
Shots for this period are 7 for Penguins vs 13 for Nordiques.
3rd period
0:01 of 3rd period - Marc Savard wins face-off versus Steven Stamkos in neutral zone.
0:20 of 3rd period - Penalty to Chris Drury is over, Chris Drury is back on ice.
0:30 of 3rd period - Slapshot by T.J. Fast.
0:30 of 3rd period - Deflect By David Legwand.
0:30 of 3rd period - Goal by David Legwand - Penguins : 2 - Nordiques : 1.
0:31 of 3rd period - Andrew Cogliano wins face-off versus Marc Savard in neutral zone.
1:28 of 3rd period - Snap shot by Jason Pominville.
1:28 of 3rd period - Stopped by Jonathan Quick with a rebound.
1:38 of 3rd period - Wrist shot by Steven Stamkos.
1:38 of 3rd period - Stopped by Jonathan Quick with a rebound.
1:50 of 3rd period - Slapshot by Steven Stamkos.
1:50 of 3rd period - Stopped by Jonathan Quick with a rebound.
1:52 of 3rd period - Wrist shot by Andrew Cogliano.
1:52 of 3rd period - Deflect By Steven Stamkos.
1:52 of 3rd period - Shot Blocked by Ryan Ellis.
1:52 of 3rd period - Puck is out of play.
1:53 of 3rd period - Mika Zibanejad wins face-off versus Marc Savard in Nordiques zone.
2:30 of 3rd period - Minor Penalty to Keith Aulie for Holding.
2:31 of 3rd period - Marc Savard wins face-off versus Steven Stamkos in Penguins zone.
2:52 of 3rd period - Icing by Marc Savard.
2:53 of 3rd period - Marc Savard wins face-off versus Steven Stamkos in Nordiques zone.
2:58 of 3rd period - Jason Pominville is hit by Marc Savard and loses puck.
4:30 of 3rd period - Penalty to Keith Aulie is over, Keith Aulie is back on ice.
4:46 of 3rd period - Pascal Dupuis is hit by T.J. Fast and loses puck.
6:09 of 3rd period - Martin St. Louis is hit by Cal Clutterbuck and loses puck.
6:40 of 3rd period - R.J. Umberger is hit by Duncan Keith.
6:55 of 3rd period - Double Minor Penalty to Paul Ranger for Roughing.
6:56 of 3rd period - Steven Stamkos wins face-off versus Marc Savard in Penguins zone.
6:56 of 3rd period - Steven Stamkos is hit by Marc Savard.
7:21 of 3rd period - Steven Stamkos is hit by Simon Gagné and loses puck.
7:26 of 3rd period - Snap shot by Vladimir Tarasenko.
7:26 of 3rd period - Goal by Vladimir Tarasenko - Penguins : 2 - Nordiques : 2.
7:27 of 3rd period - Steven Stamkos wins face-off versus Marc Savard in neutral zone.
7:32 of 3rd period - Simon Gagné is hit by Sean Zimmerman and loses puck.
8:35 of 3rd period - Backhand shot by Riley Sheahan.
8:35 of 3rd period - Goal by Riley Sheahan - Penguins : 3 - Nordiques : 2.
8:36 of 3rd period - Marc Savard wins face-off versus Steven Stamkos in neutral zone.
8:39 of 3rd period - Sean Zimmerman is hit by T.J. Fast and loses puck.
9:00 of 3rd period - David Legwand is hit by Dion Phaneuf and loses puck.
9:26 of 3rd period - Penalty to Paul Ranger is over, Paul Ranger is back on ice.
9:39 of 3rd period - Wrist shot by Paul Gaustad.
9:39 of 3rd period - Stopped by Jacob Markstrom without a rebound.
9:40 of 3rd period - Chris Drury wins face-off versus Mika Zibanejad in Penguins zone.
10:01 of 3rd period - Minor Penalty to Trevor Daley for Roughing.
10:02 of 3rd period - Steven Stamkos wins face-off versus Marc Savard in Nordiques zone.
10:11 of 3rd period - Wrist shot by Steven Stamkos.
10:11 of 3rd period - Shot Misses the Net.
10:13 of 3rd period - Wrist shot by Steven Stamkos.
10:13 of 3rd period - Shot Misses the Net.
10:15 of 3rd period - Snap shot by Dion Phaneuf.
10:15 of 3rd period - Stopped by Jonathan Quick with a rebound.
12:01 of 3rd period - Penalty to Trevor Daley is over, Trevor Daley is back on ice.
12:21 of 3rd period - Wrist shot by Sam Gagner.
12:21 of 3rd period - Stopped by Jonathan Quick without a rebound.
12:22 of 3rd period - Riley Sheahan wins face-off versus David Legwand in Nordiques zone.
12:27 of 3rd period - Snap shot by Riley Sheahan.
12:27 of 3rd period - Shot Blocked by Trevor Daley.
12:29 of 3rd period - Slapshot by Dion Phaneuf.
12:29 of 3rd period - Stopped by Jonathan Quick without a rebound.
12:30 of 3rd period - Riley Sheahan wins face-off versus Martin St. Louis in Nordiques zone.
12:37 of 3rd period - Wrist shot by Riley Sheahan.
12:37 of 3rd period - Shot Misses the Net.
12:39 of 3rd period - Backhand shot by Riley Sheahan.
12:39 of 3rd period - Stopped by Jonathan Quick with a rebound.
12:41 of 3rd period - Wrist shot by Dion Phaneuf.
12:41 of 3rd period - Stopped by Jonathan Quick without a rebound.
12:42 of 3rd period - Marc Savard wins face-off versus Steven Stamkos in Nordiques zone.
12:42 of 3rd period - Vladimir Tarasenko is hit by Sean Zimmerman and loses puck.
13:16 of 3rd period - Dion Phaneuf is hit by Mark Eaton and loses puck.
13:57 of 3rd period - Snap shot by Marcus Foligno.
13:57 of 3rd period - Shot Misses the Net.
13:59 of 3rd period - Snap shot by Marcus Foligno.
13:59 of 3rd period - Shot Blocked by Dustin Byfuglien.
14:01 of 3rd period - Wrist shot by Pascal Dupuis.
14:01 of 3rd period - Shot Blocked by Dustin Byfuglien.
14:15 of 3rd period - Wrist shot by Vladimir Tarasenko.
14:15 of 3rd period - Deflect By Marc Savard.
14:15 of 3rd period - Stopped by Jacob Markstrom with a rebound.
14:49 of 3rd period - Wrist shot by Steven Stamkos.
14:49 of 3rd period - Stopped by Jonathan Quick without a rebound.
14:50 of 3rd period - Marc Savard wins face-off versus Mika Zibanejad in Nordiques zone.
15:06 of 3rd period - Icing by Trevor Daley.
15:07 of 3rd period - Marc Savard wins face-off versus Sam Gagner in Nordiques zone.
15:14 of 3rd period - Wrist shot by Simon Gagné.
15:14 of 3rd period - Shot Misses the Net.
15:41 of 3rd period - Snap shot by Simon Gagné.
15:41 of 3rd period - Shot Misses the Net.
15:47 of 3rd period - Snap shot by Marc Savard.
15:47 of 3rd period - Stopped by Jacob Markstrom without a rebound.
15:48 of 3rd period - David Legwand wins face-off versus Mika Zibanejad in Penguins zone.
16:01 of 3rd period - Off-side.
16:02 of 3rd period - David Legwand wins face-off versus Sam Gagner in neutral zone.
16:10 of 3rd period - Minor Penalty to Sam Gagner for Hooking.
16:11 of 3rd period - Marc Savard wins face-off versus Steven Stamkos in Penguins zone.
16:43 of 3rd period - Slapshot by Ryan Ellis.
16:43 of 3rd period - Goal by Ryan Ellis - Penguins : 3 - Nordiques : 3.
16:44 of 3rd period - David Legwand wins face-off versus Sam Gagner in neutral zone.
17:11 of 3rd period - Marc Savard is hit by Steven Stamkos and loses puck.
17:32 of 3rd period - Slapshot by Ryan Ellis.
17:32 of 3rd period - Goal by Ryan Ellis - Penguins : 3 - Nordiques : 4.
17:33 of 3rd period - Martin St. Louis wins face-off versus Sam Gagner in neutral zone.
17:38 of 3rd period - Wrist shot by Martin St. Louis.
17:38 of 3rd period - Stopped by Jacob Markstrom with a rebound.
18:11 of 3rd period - Fedor Tyutin is hit by Steven Stamkos and loses puck.
18:32 of 3rd period - Snap shot by Simon Gagné.
18:32 of 3rd period - Stopped by Jacob Markstrom without a rebound.
18:33 of 3rd period - David Legwand wins face-off versus Sam Gagner in Penguins zone.
19:02 of 3rd period - Penguins, Jacob Markstrom is pulled from the net.
19:04 of 3rd period - Snap shot by Andrew Cogliano.
19:04 of 3rd period - Stopped by Jonathan Quick without a rebound.
19:04 of 3rd period - Minor Penalty to Jonathan Quick for Delaying the game.
19:05 of 3rd period - Marc Savard wins face-off versus Steven Stamkos in Nordiques zone.
Goals for this period are 1 for Penguins vs 4 for Nordiques.
Shots for this period are 11 for Penguins vs 9 for Nordiques.
Back to the Top